 Dungeon Crawl Stone Soup version 0.19.0-2-gae57169 (webtiles) character file.

627 lorenzova the Covert (level 7, -4/32 HPs)
             Began as a Spriggan Enchanter on Nov 3, 2016.
             Was an Initiate of Dithmenos.
             Slain by an orc priest
             ... wielding a +0 mace
              (5 damage)
             ... on level 5 of the Dungeon.
             The game lasted 00:13:18 (6786 turns).

lorenzova the Covert (Spriggan Enchanter)           Turns: 6786, Time: 00:13:19

Health: -4/32      AC:  3    Str:  5    XL:     7   Next: 23%
Magic:  2/17       EV: 21    Int: 16    God:    Dithmenos [......]
Gold:   302        SH:  0    Dex: 18    Spells: 3 memorised, 12 levels left

rFire  . . .     SeeInvis +     a - +1 dagger
rCold  . . .     Gourm    .     b - +1 robe
rNeg   . . .     Faith    .     (shield restricted)
rPois  .         Spirit   .     (helmet restricted)
rElec  .         Reflect  .     (no cloak)
rCorr  .         Harm     .     (gloves unavailable)
MR     +....                    (boots unavailable)
Stlth  ++++......               j - amulet of rage
                                (no ring)
                                (no ring)

@: very quick
A: unfitting armour, see invisible, herbivore 3, speed 3, slow metabolism 2
a: Renounce Religion, Evoke Berserk Rage


You were on level 5 of the Dungeon.
You worshipped Dithmenos.
Dithmenos was noncommittal.
You were not hungry.

You visited 2 branches of the dungeon, and saw 6 of its levels.

You collected 302 gold pieces.

Inventory:

Hand Weapons
 a - a +1 dagger (weapon)
Armour
 b - a +1 robe (worn)
Jewellery
 j - an amulet of rage (around neck)
Wands
 g - a wand of paralysis (6/24)
Scrolls
 e - 4 scrolls of identify
 f - a scroll of fear
 h - 2 scrolls of teleportation
 m - a scroll of fog
 p - 2 scrolls of enchant armour
 t - 2 scrolls of recharging {unknown}
Potions
 d - a potion of curing {unknown}
 i - a potion of lignification {unknown}
 k - a potion of heal wounds {unknown}
 l - a potion of invisibility {unknown}
 n - a potion of ambrosia {unknown}
 o - a potion of resistance {unknown}
 w - a potion of degeneration {unknown}
Books
 c - a book of Maledictions

   Spells                             Type                      Level
   a - Corona                         Hexes                        1
   b - Ensorcelled Hibernation        Hexes/Ice                    2
   c - Confuse                        Hexes                        3
   d - Tukima's Dance                 Hexes                        3
   e - Dazzling Spray                 Conjuration/Hexes            3
 q - a book of Minor Magic

   Spells                             Type                      Level
   a - Magic Dart                     Conjuration                  1
   b - Blink                          Translocation                2
   c - Call Imp                       Summoning                    2
   d - Repel Missiles                 Charms/Air                   2
   e - Slow                           Hexes                        2
   f - Conjure Flame                  Conjuration/Fire             3
   g - Mephitic Cloud                 Conjuration/Poison/Air       3
 s - a book of Flames

   Spells                             Type                      Level
   a - Flame Tongue                   Conjuration/Fire             1
   b - Throw Flame                    Conjuration/Fire             2
   c - Conjure Flame                  Conjuration/Fire             3
   d - Inner Flame                    Hexes/Fire                   3
   e - Sticky Flame                   Conjuration/Fire             4
   f - Fireball                       Conjuration/Fire             5
   Dithmenos disapproves of the use of such an item.
Comestibles
 r - 2 fruits
 u - a slice of pizza
 v - a bread ration


   Skills:
 - Level 1.1 Short Blades
 - Level 5.1 Dodging
 + Level 8.1 Stealth
 * Level 6.0 Spellcasting
 * Level 5.6 Hexes


You had 12 spell levels left.
You knew the following spells:

 Your Spells              Type           Power        Failure   Level  Hunger
a - Corona                Hex            ###....      1%          1    None
b - Ensorcelled Hibernat  Hex/Ice        ##....       10%         2    #......
c - Confuse               Hex            ###.....     4%          3    ##.....


Dungeon Overview and Level Annotations

Branches:
Dungeon (5/15)             Temple (1/1) D:5

Altars:
Ashenzari
Cheibriados
Dithmenos
Elyvilon
Makhleb
Nemelex Xobeh
Okawaru
Qazlal
Ru
Trog
Vehumet
Xom
Yredelemnul
The Shining One
Jiyva

Shops:
D:4 (

Annotations:
D:3 Shufflesack's ghost, amateur DECj


Innate Abilities, Weirdness & Mutations

You are very small and have problems with some larger weapons.
You are too small for most types of armour.
You have supernaturally acute eyesight. (SInv)
You are a herbivore.
You cover ground extremely quickly.
You need consume almost no food.


Message History

Beogh smites you!
Ouch! That really hurt!
* * * LOW HITPOINT WARNING * * *
You are too injured to fight recklessly!
You are too injured to fight recklessly!
Casting: Confuse
Confirm with . or Enter, or press ? or * to list all spells.
Aiming: Confuse
Press: ? - help, Shift-Dir - straight line, f/p - orc priest
Aim: an orc priest, wielding a mace and wearing a chain mail (lightly wounded, chance to defeat MR: 51%)
The orc priest resists with significant effort.
The orc priest barely misses you.
Casting: Confuse
Confirm with . or Enter, or press ? or * to list all spells.
Aiming: Confuse
Press: ? - help, Shift-Dir - straight line, f/p - orc priest
Aim: an orc priest, wielding a mace and wearing a chain mail (lightly wounded, chance to defeat MR: 51%)
The orc priest resists with significant effort.
The orc priest hits you with a mace.
You die...

##### #...# . #<.(####
.#####..(...# #####
...#......(.######..)#
...........(()..@o...#######
#
.##.......)...[.##..........
.#
#......#####..()...########.#
#.###.........#.....####...
#.# #...#####..........#.###
###.# #.#.# ####...#.......#
....# #.#.# #...#.......#
....###.#.# #######.....#
...<##....# #.........#


You could see an orc priest.

Vanquished Creatures
  An ogre (D:4)
  A crimson imp (D:5)
  A quasit (D:5)
  A hound (D:4)
  2 jellies (D:5)
  An orc priest (D:4)
  A centaur skeleton (D:4)
  3 orc wizards
  A worker ant (D:4)
  A worker ant zombie (D:5)
  12 adders
  A shadow imp (D:4)
  An ooze (D:3)
  2 worms
  A dart slug (D:1)
  3 leopard geckos
  14 orcs
  A ball python (D:4)
  6 bats
  A giant cockroach (D:1)
  5 goblins
  4 hobgoblins
  11 jackals
  A quokka (D:5)
  6 frilled lizards
  9 kobolds
  8 rats
99 creatures vanquished.

Notes
Turn   | Place    | Note
-------+----------+-------------------------------------------
     0 | D:1      | lorenzova the Spriggan Enchanter began the quest for the Orb.
     0 | D:1      | Reached XP level 1. HP: 9/9 MP: 5/5
   221 | D:1      | Reached XP level 2. HP: 13/13 MP: 7/7
   240 | D:1      | Learned a level 2 spell: Ensorcelled Hibernation
  1204 | D:2      | Reached XP level 3. HP: 16/16 MP: 9/9
  1403 | D:2      | Learned a level 3 spell: Confuse
  1452 | D:2      | Reached skill level 5 in Stealth
  1561 | D:2      | Found a radiant altar of Vehumet.
  1633 | D:2      | Reached XP level 4. HP: 21/21 MP: 11/11
  2052 | D:2      | Found a burning altar of Makhleb.
  2118 | D:3      | Found a faded altar of an unknown god.
  2389 | D:3      | Noticed Shufflesack's ghost (amateur DECj)
  2993 | D:3      | Reached XP level 5. HP: 24/24 MP: 13/13
  3223 | D:4      | Found a snail-covered altar of Cheibriados.
  3683 | D:4      | Found an iron altar of Okawaru.
  3683 | D:4      | Found a glowing golden altar of the Shining One.
  3735 | D:4      | Found a stormy altar of Qazlal.
  3788 | D:4      | Found Juidiebb's Antique Weapon Emporium.
  3863 | D:4      | Reached skill level 6 in Stealth
  3889 | D:4      | Noticed an ogre
  4304 | D:4      | Reached skill level 5 in Hexes
  4738 | D:4      | Reached skill level 5 in Spellcasting
  5220 | D:4      | Killed an ogre
  5220 | D:4      | Reached skill level 7 in Stealth
  5220 | D:4      | Reached XP level 6. HP: 28/28 MP: 11/15
  5670 | D:5      | Entered Level 5 of the Dungeon
  5672 | D:5      | Found a staircase to the Ecumenical Temple.
  5864 | Temple   | Entered the Ecumenical Temple
  5968 | Temple   | Became a worshipper of Dithmenos the Shadowed
  6006 | D:5      | Found a basalt altar of Yredelemnul.
  6016 | D:5      | Reached skill level 5 in Dodging
  6290 | D:4      | HP: 1/28 [phantom (9)]
  6454 | D:5      | Reached XP level 7. HP: 15/32 MP: 13/16
  6641 | D:5      | Reached skill level 8 in Stealth
  6784 | D:5      | HP: 1/32 [orc priest/divine providence (16)]
  6786 | D:5      | Slain by an orc priest

Skill      XL: |  1  2  3  4  5  6  7 |
---------------+----------------------+-----
Spellcasting   | 3 4 5 6 |  6.0
Hexes          | 4 5 |  5.6
Stealth        | 5 7 8 |  8.1
Dodging        | 4 5 |  5.1
Short Blades   | |  1.1

Action                   |  1- 3 |  4- 6 |  7- 9 || total
-------------------------+-------+-------+-------++-------
Melee: Dagger            |   117 |   199 |    32 ||   348
 Cast: Ensorcelled Hiber |     8 |    65 |    10 ||    83
       Corona            |     1 |       |       ||     1
       Confuse           |       |    23 |     7 ||    30
  Use: Scroll            |       |     6 |       ||     6
 Stab: Sleeping          |    22 |    31 |     4 ||    57
       Distracted        |     1 |     1 |       ||     2
       Confused          |       |     9 |     2 ||    11
  Eat: Royal jelly       |       |     1 |       ||     1
       Bread ration      |       |     1 |       ||     1
Armor: Robe              |    17 |    19 |     2 ||    38
Dodge: Dodged            |    87 |   163 |    34 ||   284
